 Dungeon Crawl Stone Soup version 0.24.0-10-g970556be89 (webtiles) character file.

Game seed: 174413250075820747, levelgen mode: deterministic

123 Delamore the Chopper (level 5, 0/46 HPs)
             Began as a Hill Orc Monk on Nov 4, 2019.
             Slain by a gnoll
             ... wielding a +0 spear
              (3 damage)
             ... on level 3 of the Dungeon.
             The game lasted 00:03:38 (2165 turns).

Delamore the Chopper (Hill Orc Monk)                Turns: 2165, Time: 00:03:39

Health: 0/46       AC:  7    Str: 15    XL:     5   Next: 7%
Magic:  5/5        EV: 10    Int: 10    God:
Gold:   149        SH:  0    Dex: 13    Spells: 4/4 levels left

rFire    . . .     SeeInvis .   a - +0 hand axe
rCold    . . .     Gourm    .   (no shield)
rNeg     . . .     Faith    .   n - +0 scale mail
rPois    .         Spirit   .   (no helmet)
rElec    .         Reflect  .   k - scarf {repulsion}
rCorr    .         Harm     .   g - +0 pair of gloves
MR       .....                  (no boots)
Stlth    ..........             (no amulet)
HPRegen  0.15/turn              (no ring)
MPRegen  0.09/turn              (no ring)

@: repel missiles
A: no striking features
a: no special abilities


You were on level 3 of the Dungeon.
You were not hungry.

You visited 1 branch of the dungeon, and saw 3 of its levels.

You collected 149 gold pieces.

Inventory:

Hand Weapons
 a - a +0 hand axe (weapon)
Missiles
 v - 13 poisoned darts (quivered)
Armour
 g - a +0 pair of gloves (worn)
 k - a scarf of repulsion (worn)
 n - a +0 scale mail (worn)
Jewellery
 t - an uncursed ring of fire {unknown}
Scrolls
 d - 4 scrolls of identify {unknown}
 e - a scroll of amnesia {unknown}
 m - a scroll of enchant armour {unknown}
 o - 2 scrolls of teleportation {unknown}
 p - a scroll of enchant weapon {unknown}
 q - a scroll of fog {unknown}
 r - a scroll of random uselessness {unknown}
 w - a scroll of blinking {unknown}
Potions
 b - a potion of heal wounds {unknown}
 f - a potion of curing {unknown}
 h - a potion of might
 i - a potion of mutation {unknown}
 j - a potion of degeneration {unknown}
 l - 2 potions of agility {unknown}
 s - a potion of resistance {unknown}
 x - a potion of ambrosia {unknown}
 z - a potion of brilliance {unknown}
Comestibles
 c - 2 rations
 u - 2 chunks of flesh


   Skills:
 - Level 3.7 Fighting
 + Level 6.9 Axes
 + Level 1.2 Armour
 - Level 2.5 Dodging
 - Level 1.5 Stealth


You had 4 spell levels left.
You didn't know any spells.
Your spell library was empty.

Dungeon Overview and Level Annotations

Branches:
Dungeon (3/15)

Altars:
Cheibriados
Wu Jian


Message History

The gnoll hits you.
* * * LOW HITPOINT WARNING * * *
You closely miss the gnoll.
The gnoll is severely wounded.
The gnoll hits you but does no damage. The gnoll completely misses you.
You hit the gnoll.
You kill the gnoll!
Your Armour skill increases to level 1!
The gnoll hits you but does no damage.
You hit the gnoll.
The gnoll is almost dead.
The gnoll closely misses you. x2
You hit the gnoll.
You kill the gnoll!
You have reached level 5!
You feel stronger.
The gnoll hits you from afar with a +0 spear!
* * * LOW HITPOINT WARNING * * *
The gnoll hits you with a +0 spear.
You die...

###. # #_.. . ###.
.## #... ..
########8รท #.
####......... #.##
#.....####..# #.g#
#..(..##..... #@#
#............ #.#
#.....##.#..# #.#
#.....##.#..# #.#
####........# #.#
#####.##.. #.#
#..... #.# ######
#.# #
#.################


You could see a gnoll.

Vanquished Creatures
  Jessica (D:2)
  Terence (D:2)
  2 gnolls (D:3)
  An adder (D:3)
  A worm (D:3)
  A dart slug (D:3)
  4 bats (D:1)
  A giant cockroach (D:3)
  6 goblins
  4 hobgoblins
  9 kobolds
  A ball python (D:1)
  5 frilled lizards
  7 rats
44 creatures vanquished.

Notes
Turn   | Place    | Note
-------+----------+-------------------------------------------
     0 | D:1      | Delamore the Hill Orc Monk began the quest for the Orb.
     0 | D:1      | Reached XP level 1. HP: 19/19 MP: 1/1
   223 | D:1      | Reached XP level 2. HP: 19/27 MP: 2/2
   778 | D:2      | Noticed Jessica
   784 | D:2      | Killed Jessica
   784 | D:2      | Reached skill level 5 in Axes
   784 | D:2      | Reached XP level 3. HP: 20/33 MP: 3/3
   972 | D:2      | Noticed Terence
   995 | D:2      | Killed Terence
   995 | D:2      | Reached skill level 6 in Axes
   995 | D:2      | Reached XP level 4. HP: 3/40 MP: 4/4
  2055 | D:3      | Found a snail-covered altar of Cheibriados.
  2088 | D:3      | Found an ornate altar of the Wu Jian Council.
  2162 | D:3      | Reached skill level 1 in Armour
  2164 | D:3      | Reached XP level 5. HP: 11/46 MP: 5/5
  2165 | D:3      | Slain by a gnoll

Levels and vault maps discovered:
D:1:      minmay_arrival_loop, layout_basic, minmay_splitting_lines
D:2:      layout_loops_ring, uniq_terence, uniq_jessica
D:3:      layout_loops_cross, minitemple, xom_teletrap_fun, kennysheep_potato

Skill      XL: |  1  2  3  4 |
---------------+-------------+-----
Axes           | 5 6 |  6.9
Armour         | 1 |  1.2
Fighting       | |  3.7
Dodging        | |  2.5
Stealth        | |  1.5

Action                   |  1- 3 |  4- 6 || total
-------------------------+-------+-------++-------
Melee: Hand axe          |    82 |    78 ||   160
  Eat: Ration            |       |     1 ||     1
       Chunk             |       |     1 ||     1
Armor: Robe              |    11 |       ||    11
       Leather armour    |     6 |       ||     6
       Scale mail        |       |    26 ||    26
Dodge: Dodged            |    57 |    37 ||    94
       Deflected         |       |     1 ||     1
